 Dungeon Crawl Stone Soup version 0.24-b1 (webtiles) character file.

Game seed: 8505348067052214928, levelgen mode: deterministic

651 Blackhawk the Shield-Bearer (level 7, -5/44 HPs)
             Began as a Gargoyle Fighter on Oct 12, 2019.
             Killed by divine providence
             ... invoked by an orc priest
              (12 damage)
             ... on level 4 of the Dungeon.
             The game lasted 00:05:58 (4284 turns).

Blackhawk the Shield-Bearer (Gargoyle Fighter)      Turns: 4284, Time: 00:05:59

Health: -5/44      AC: 17    Str: 21    XL:     7   Next: 53%
Magic:  7/7        EV:  4    Int:  9    God:
Gold:   116        SH: 10    Dex:  9    Spells: 6/6 levels left

rFire    . . .     SeeInvis .   a - +0 war axe
rCold    + . .     Gourm    .   c - +0 shield
rNeg     + . .     Faith    .   C - +0 plate armour
rPois    ∞         Spirit   .   (no helmet)
rElec    +         Reflect  .   (no cloak)
rCorr    .         Harm     .   (no gloves)
MR       .....                  (no boots)
Stlth    ..........             (no amulet)
HPRegen  0.14/turn              m - ring of protection from cold
MPRegen  0.10/turn              q - ring of wizardry

@: no status effects
A: negative energy resistance 1, electricity resistance, unbreathing,
petrification resistance, rot immunity, AC +4
a: no special abilities


You were on level 4 of the Dungeon.
You were not hungry.

You visited 1 branch of the dungeon, and saw 4 of its levels.
You also visited: Sewer.

You collected 116 gold pieces.

Inventory:

Hand Weapons
 a - a +0 war axe (weapon)
Armour
 b - a +0 scale mail
 c - a +0 shield (worn)
 C - a +0 plate armour (worn)
Jewellery
 m - a ring of protection from cold (left hand)
 q - a ring of wizardry (right hand)
 B - an uncursed ring of positive energy {unknown}
Wands
 y - a wand of disintegration (10)
Scrolls
 e - a scroll of enchant armour {unknown}
 h - 3 scrolls of fear {unknown}
 l - a scroll of enchant weapon {unknown}
 n - 6 scrolls of identify {unknown}
 p - 3 scrolls of amnesia {unknown}
 t - a scroll of remove curse {unknown}
 u - 2 scrolls of immolation {unknown}
 v - 2 scrolls of fog {unknown}
 w - 6 scrolls of magic mapping {unknown}
 x - a scroll of teleportation {unknown}
 D - a scroll of blinking {unknown}
Potions
 d - a potion of invisibility {unknown}
 g - a potion of haste {unknown}
 i - 2 potions of heal wounds {unknown}
 j - 3 potions of curing {unknown}
 k - a potion of cancellation {unknown}
 o - 3 potions of lignification {unknown}
 r - a potion of mutation {unknown}
 z - a potion of brilliance {unknown}
 A - 7 potions of magic {unknown}
Comestibles
 f - 3 rations
 s - 17 chunks of flesh


   Skills:
 + Level 5.4 Fighting
 + Level 3.9 Axes
 + Level 5.4 Armour
 + Level 5.4 Shields


You had 6 spell levels left.
You didn't know any spells.
Your spell library was empty.

Dungeon Overview and Level Annotations

Branches:
Dungeon (4/15)              Sewer (visited)
 Temple: D:4-7

Altars:
Uskayaw


Innate Abilities, Weirdness & Mutations

You are resistant to torment.
Your stone body is resilient. (AC +4)
You are immune to poison.
You resist negative energy. (rN+)
You are resistant to electric shocks. (rElec)
You can survive without breathing.
You are immune to petrification.
You are immune to rotting.


Message History

Your plate armour prevents you from hitting the orc priest.
The iguana barely misses you.
The orc priest calls down the wrath of Beogh upon you.
Pain shoots through your body!
The orc priest hits you but does no damage.
The iguana bites you but does no damage.
You hit the orc priest.
You kill the orc priest!
Your shield and plate armour prevent you from hitting the iguana.
You closely miss the orc priest.
The orc priest hits you but does no damage.
The iguana bites you but does no damage.
The orc priest hits you but does no damage.
The orc priest looks satisfied for a moment.
The orc priest invokes the aid of Beogh against you.
Beogh smites you!
* * * LOW HITPOINT WARNING * * *
The orc priest invokes the aid of Beogh against you.
Beogh smites you!
You die...

##.. #. #.. ... #...##. #.#
#.# #.#..#. #######.##..#
###
..##..)####..........##....
#.......##.......÷........
#......o##...........#....
#......l..)..........##.##
#....(...l..........#...#
#........o.@..........###
#.......##...............
#.......##...............
#.#..#####...............
..#..# #####.##.##.....
##..# #.##.###..## #...#
####........## #..#.###
##....##.#####
..(.##.).###....###.#


You could see an iguana, 2 orc priests and a leopard gecko.

Vanquished Creatures
  2 bullfrogs (Sewer)
  2 orc priests (D:4)
  3 orc wizards
  A worker ant (D:4)
  A hound skeleton (D:4)
  12 adders
  4 gnolls (D:3)
  8 river rats (Sewer)
  An ooze (Sewer)
  An adder zombie (D:2)
  4 worms
  A dart slug (D:4)
  2 leopard geckos
  11 orcs
  7 bats
  10 giant cockroaches
  6 goblins
  4 hobgoblins
  3 quokkas
  11 ball pythons (Sewer)
  6 frilled lizards
  5 kobolds
  20 rats
125 creatures vanquished.

Notes
Turn   | Place    | Note
-------+----------+-------------------------------------------
     0 | D:1      | Blackhawk the Gargoyle Fighter began the quest for the Orb.
     0 | D:1      | Reached XP level 1. HP: 14/14 MP: 1/1
   212 | D:1      | Reached XP level 2. HP: 19/19 MP: 2/2
   708 | D:2      | Reached XP level 3. HP: 21/23 MP: 3/3
   989 | D:2      | Found a hide-covered altar of Uskayaw.
   992 | D:2      | Noticed a +0 dagger
   993 | D:2      | Noticed a +0 hand axe
  1477 | D:3      | Found a glowing drain.
  1480 | D:3      | Reached XP level 4. HP: 29/29 MP: 4/4
  1499 | Sewer    | Entered a sewer
  1842 | Sewer    | Reached XP level 5. HP: 14/33 MP: 5/5
  2786 | Sewer    | Reached XP level 6. HP: 24/39 MP: 6/6
  3229 | D:3      | Reached skill level 5 in Fighting
  3229 | D:3      | Reached skill level 5 in Armour
  3229 | D:3      | Reached skill level 5 in Shields
  3301 | D:3      | Reached XP level 7. HP: 34/44 MP: 7/7
  4284 | D:4      | Killed from afar by an orc priest

Skill      XL: |  1  2  3  4  5  6 |
---------------+-------------------+-----
Axes           | 2 3 |  3.9
Armour         | 4 5 |  5.4
Fighting       | 4 5 |  5.4
Shields        | 4 5 |  5.4

Action                   |  1- 3 |  4- 6 |  7- 9 || total
-------------------------+-------+-------+-------++-------
Melee: War axe           |    79 |   194 |   136 ||   409
  Use: Potion            |       |     1 |       ||     1
  Eat: Chunk             |     2 |     6 |     4 ||    12
Armor: Scale mail        |    41 |   132 |    24 ||   197
       Plate armour      |       |       |    52 ||    52
Dodge: Dodged            |    27 |    74 |    37 ||   138
Block: Shield            |    35 |   134 |    86 ||   255
